 Dungeon Crawl Stone Soup version 0.28.0-53-g5a82cb258f (webtiles) character file.

Game seed: 12806248296277558569

1561 DildoBatman the Magician (level 9, -1/68 HPs)
             Began as a Formicid Conjurer on June 10, 2022.
             Was an Initiate of Kikubaaqudgha.
             Killed by nerve-wracking pain
             ... invoked by Menkaure
              (13 damage)
             ... on level 5 of the Dungeon.
             The game lasted 00:19:42 (5827 turns).

DildoBatman the Magician (Formicid Conjurer)        Turns: 5827, Time: 00:19:43

Health: -1/68      AC:  7    Str: 11    XL:     9   Next: 13%
Magic:  12/19      EV: 12    Int: 19    God:    Kikubaaqudgha [......]
Gold:   144        SH:  0    Dex: 13    Spells: 19/22 levels left

rFire   . . .      SeeInvis +   a - +0 hunting sling
rCold   . . .      Faith    .   (no shield)
rNeg    . . .      Spirit   .   t - +0 robe
rPois   .          Reflect  .   (helmet unavailable)
rElec   .          Harm     .   (no cloak)
rCorr   .          Rampage  .   (no gloves)
Will    .....                   s - +0 pair of boots
Stlth   ++........              (no amulet)
HPRegen 0.21/turn               v - +4 ring of protection
MPRegen 0.16/turn               (no ring)

@: no status effects
A: permanent stasis, dig shafts and tunnels, antennae 3, four strong arms
a: Dig, Shaft Self, Renounce Religion


You were on level 5 of the Dungeon.
You worshipped Kikubaaqudgha.
Kikubaaqudgha was noncommittal.
You visited 2 branches of the dungeon, and saw 8 of its levels.

You collected 333 gold pieces.
You spent 189 gold pieces at shops.

Inventory:

Hand Weapons
 a - a +0 hunting sling (weapon)
 b - a +0 falchion
 d - a +2 vorpal hand axe
 E - a +3 scythe of venom
Missiles
 h - 106 stones (quivered ammo)
 o - 4 poisoned darts
 u - 68 bolts
 A - 14 arrows
Armour
 s - a +0 pair of boots (worn)
 t - a +0 robe (worn)
Jewellery
 v - a +4 ring of protection (left hand)
Wands
 g - a wand of flame (22)
 r - a wand of charming (12)
Scrolls
 c - 3 scrolls of enchant weapon {unknown}
 e - a scroll of vulnerability {unknown}
 i - a scroll of brand weapon {unknown}
 j - 2 scrolls of summoning
 k - a scroll of fog {unknown}
 l - a scroll of silence {unknown}
 m - a scroll of noise {unknown}
 y - 2 scrolls of enchant armour {unknown}
 z - a scroll of identify
 D - a scroll of immolation {unknown}
 F - a scroll of fear
Potions
 f - a potion of resistance {unknown}
 n - a potion of heal wounds
 p - 2 potions of flight
 q - 2 potions of curing
 w - a potion of cancellation
 x - a potion of ambrosia {unknown}
 B - a potion of invisibility {unknown}
 C - a potion of might {unknown}


   Skills:
 - Level 5.0 Fighting
 * Level 5.1 Armour
 - Level 1.7 Dodging
 - Level 2.4 Stealth
 - Level 7.0 Spellcasting
 - Level 6.0 Conjurations


You had 19 spell levels left.
You knew the following spells:

 Your Spells              Type           Power      Damage    Failure   Level
a - Searing Ray           Conj           58%        2d6       1%          2
c - Magic Dart            Conj           100%       1d8       1%          1

Your spell library contained the following spells:

 Spells                   Type           Power      Damage    Failure   Level
 Static Discharge         Conj/Air       18%        N/A       4%          2
 Dazzling Flash           Conj/Hex       36%        N/A       9%          3
 Corpse Rot               Necr/Air       12%        N/A       16%         2
 Fulminant Prism          Conj/Hex       9%         3d7       28%         4
 Iskenderun's Mystic Bla  Conj/Tloc      18%        2d6       28%         4
 Fireball                 Conj/Fire      9%         3d6       63%         5
 Lightning Bolt           Conj/Air       9%         1d21      63%         5
 Dispel Undead            Necr           6%         3d8       69%         4
 Silence                  Hex/Air        3%         N/A       95%         5
 Death Channel            Necr           3%         N/A       100%        6
 Maxwell's Capacitive Co  Air            3%         ∞         100%        8


Dungeon Overview and Level Annotations

Branches:
Dungeon (7/15)             Temple (1/1) D:7

Altars:
Ashenzari
Cheibriados
Fedhas
Hepliaklqana
Kikubaaqudgha
Makhleb
Nemelex Xobeh
Okawaru
Ru
Sif Muna
Trog
Uskayaw
Vehumet
Wu Jian
Xom
Yredelemnul
The Shining One

Shops:
D:4 !?([(

Annotations:
D:5 Menkaure


Innate Abilities, Weirdness & Mutations

You cannot be hasted, slowed, berserked, paralysed or teleported.
You can dig through walls and to a lower floor.
You have a pair of large antennae on your head. (SInv)
Your four strong arms can wield two-handed weapons with a shield.


Message History

Menkaure is lightly damaged.
Menkaure calls on the powers of darkness!
Your body is wracked with pain!
Casting: Magic Dart (safe; 1% risk of failure)
Confirm with . or Enter, or press ? or * to list all spells.
Aiming: Magic Dart (safe; 1% risk of failure)
Press: ? - help, Shift-Dir - straight line, f/p - Menkaure
Aim: Menkaure (lightly damaged, 100% to hit)
The magic dart hits Menkaure!
Menkaure is heavily damaged.
Casting: Magic Dart (safe; 1% risk of failure)
Confirm with . or Enter, or press ? or * to list all spells.
Aiming: Magic Dart (safe; 1% risk of failure)
Press: ? - help, Shift-Dir - straight line, f/p - Menkaure
Aim: Menkaure (heavily damaged, 100% to hit)
The magic dart hits Menkaure but does no damage.
Menkaure is heavily damaged.
Casting: Magic Dart (safe; 1% risk of failure)
Confirm with . or Enter, or press ? or * to list all spells.
Aiming: Magic Dart (safe; 1% risk of failure)
Press: ? - help, Shift-Dir - straight line, f/p - Menkaure
Aim: Menkaure (heavily damaged, 100% to hit)
The magic dart hits Menkaure.
Menkaure is heavily damaged.
Casting: Magic Dart (safe; 1% risk of failure)
Confirm with . or Enter, or press ? or * to list all spells.
Aiming: Searing Ray (safe; 1% risk of failure)
Press: ? - help, Shift-Dir - straight line, f/p - Menkaure
Aim: Menkaure (heavily damaged, 90% to hit)
The searing ray hits Menkaure.
Menkaure is heavily damaged. (Press . to maintain the ray.) Menkaure calls on the powers of darkness!
Your body is wracked with pain!
The searing ray hits Menkaure.
Menkaure is severely damaged.
Menkaure gestures at you while chanting.
Pain shoots through your body!
You die...
Kikubaaqudgha rasps: "You have failed me!
Welcome... death!"

############.####.#######
##.....## #....#.###
##.......## ####.#...##
#.........# #..##.[#
#.........# ##.###.# #
#.........# #...#.####
#.........# ###.......
#...<.....#### ##......
##........@..##### #####..
#.......<.##.....## #...
#.............M...######...
#.........#######..........
#>........# #...#......
#.....>...# ###........
##.......## #####.....(...
##.....## #.............
####### ####.#...........


You could see Menkaure.

Vanquished Creatures
  Sigmund (D:2)
  2 ogres
  4 necrophages (D:4)
  3 scorpions
  A water moccasin zombie (D:5)
  A centaur zombie (D:5)
  4 jellies
  A hound (D:5)
  Natasha (thrice) (D:3)
  3 iguanas
  A scorpion zombie (D:4)
  3 orc wizards
  A killer bee zombie (D:7)
  A hound zombie (D:4)
  10 adders
  A shadow imp (D:7)
  2 worms
  3 dart slugs
  10 orcs
  3 endoplasms
  3 giant cockroaches
  8 goblins
  8 hobgoblins
  4 jackals (D:3)
  7 kobolds
  3 quokkas
  6 ball pythons
  6 bats
  3 frilled lizards
  A quokka zombie (D:4)
  6 rats
113 creatures vanquished.

Vanquished Creatures (others)
  11 plants (D:4)
11 creatures vanquished.

Grand Total: 124 creatures vanquished

Notes
Turn   | Place    | Note
-------+----------+-------------------------------------------
     0 | D:1      | DildoBatman the Formicid Conjurer began the quest for the
                  | Orb.
     0 | D:1      | Reached XP level 1. HP: 13/13 MP: 3/3
   274 | D:1      | Reached XP level 2. HP: 19/19 MP: 1/5
   277 | D:1      | Learned a level 2 spell: Searing Ray
   393 | D:1      | Got the Grimoire of the Harmful Birds
   604 | D:1      | Reached XP level 3. HP: 24/24 MP: 1/6
  1150 | D:2      | Reached XP level 4. HP: 30/30 MP: 1/7
  1183 | D:2      | Reached skill level 5 in Conjurations
  1767 | D:3      | Reached XP level 5. HP: 35/35 MP: 4/8
  2123 | D:3      | Noticed Sigmund
  2355 | D:3      | Noticed Natasha
  2475 | D:4      | Found Ryih's Weapon Boutique.
  2534 | D:4      | Reached skill level 1 in Fighting
  2534 | D:4      | Reached skill level 1 in Armour
  2534 | D:4      | Reached XP level 6. HP: 35/43 MP: 3/9
  2803 | D:4      | Found Aduylun's Antique Weapon Emporium.
  2933 | D:4      | Found Buas's Antique Armour Shop.
  3072 | D:4      | Found Emabben's Magic Scroll Boutique.
  3075 | D:4      | Bought a scroll of identify for 28 gold pieces
  3095 | D:4      | Reached skill level 3 in Spellcasting
  3120 | D:4      | Found Ruagro's Distillery.
  3129 | D:4      | Bought a potion of curing for 42 gold pieces
  3129 | D:4      | Bought a potion of heal wounds for 70 gold pieces
  3305 | D:4      | Found a blossoming altar of Fedhas.
  3335 | D:5      | Entered Level 5 of the Dungeon
  3468 | D:5      | Reached XP level 7. HP: 46/50 MP: 2/12
  3493 | D:5      | Noticed Menkaure
  3839 | D:4      | Reached skill level 4 in Spellcasting
  4038 | D:5      | Reached skill level 5 in Spellcasting
  4326 | D:5      | Reached skill level 6 in Spellcasting
  4326 | D:5      | Reached XP level 8. HP: 56/56 MP: 4/17
  4369 | D:5      | Found an iron altar of Okawaru.
  4599 | D:7      | Found a staircase to the Ecumenical Temple.
  4615 | D:7      | Reached skill level 7 in Spellcasting
  4622 | Temple   | Entered the Ecumenical Temple
  4831 | Temple   | Became a worshipper of Kikubaaqudgha
  5432 | D:3      | Killed Natasha
  5543 | D:3      | Noticed Natasha
  5547 | D:3      | Killed Natasha
  5601 | D:3      | Noticed Natasha
  5605 | D:3      | Killed Natasha
  5606 | D:3      | Reached XP level 9. HP: 63/66 MP: 13/19
  5639 | D:2      | Killed Sigmund
  5640 | D:2      | Reached skill level 5 in Fighting
  5640 | D:2      | Reached skill level 5 in Armour
  5764 | D:4      | Bought a scroll of fear for 49 gold pieces
  5827 | D:5      | Killed from afar by Menkaure

Illustrated notes

Levels and vault maps discovered:
D:1:      dpeg_arrival_arbitrary_b, layout_basic, minmay_tall_x
D:2:      layout_rooms, grunt_decor_junction, dk_noncrumbling_2
D:3:      layout_basic, uniq_sigmund, uniq_natasha
D:4:      layout_basic, fedhas_altar_decomposition, serial_shops,
          nicolae_square_shop, shop, nicolae_shop_behind_doors, shop,
          nicolae_shop_overgrown_old_shop
D:5:      layout_rooms, mainiacjoe_overflow_alcove_1, grunt_decor_one_mirror,
          uniq_menkaure
D:6:      lemuel_slime, layout_gridville, kennysheep_generic_room_16
D:7:      layout_gridville, minmay_temple_entry_waves
Temple:   regret_index_temple_generic_petals

Skill      XL: |  1  2  3  4  5  6  7  8  9 |
---------------+----------------------------+-----
Conjurations   | 4 5 6 |  6.0
Fighting       | 1 2 4 5 |  5.0
Armour         | 1 2 4 5 |  5.1
Spellcasting   | 3 6 7 |  7.0
Dodging        | |  1.7
Stealth        | |  2.4

Action                   |  1- 3 |  4- 6 |  7- 9 || total
-------------------------+-------+-------+-------++-------
Melee: Club              |    13 |    22 |       ||    35
       Flail             |       |    12 |       ||    12
       Short sword       |       |     5 |       ||     5
       Falchion          |       |       |    11 ||    11
       Hunting sling     |       |       |     1 ||     1
 Fire: Hunting sling     |       |    51 |     6 ||    57
Throw: Stone             |       |     5 |       ||     5
 Cast: Magic Dart        |    31 |    29 |    16 ||    76
       Searing Ray       |     7 |    19 |    28 ||    54
 Abil: Dig               |       |     1 |     1 ||     2
  Use: Scroll            |       |       |     6 ||     6
 Stab: Sleeping          |     1 |       |       ||     1
Armor: Robe              |     7 |     5 |    24 ||    36
Dodge: Dodged            |    25 |    36 |    47 ||   108
